 Dungeon Crawl Stone Soup version 0.16.1-14-g82efdee (webtiles) character file.

182 KarvaRausku the Ruffian (level 5, -7/41 HPs)
             Began as a Draconian Transmuter on Apr 12, 2015.
             Killed by divine providence
             ... invoked by an orc priest
              (12 damage)
             ... on level 3 of the Dungeon.
             The game lasted 00:07:51 (2402 turns).

KarvaRausku the Ruffian (Draconian Transmuter)      Turns: 2402, Time: 00:07:51

Health: -7/41      AC:  2    Str: 13    XL:     5   Next: 34%
Magic:  5/11       EV: 19    Int: 14    God:
Gold:   88         SH:  0    Dex: 19    Spells: 2 memorised, 6 levels left

rFire  . . .     SeeInvis .       - Unarmed
rCold  . . .     Clarity  .     (armour unavailable)
rNeg   . . .     SustAb   .     (shield currently unavailable)
rPois  x         Gourm    .     (helmet currently unavailable)
rElec  .         Spirit   .     j - melded +0 cloak
rCorr  .         Warding  .     (gloves currently unavailable)
rMut   .         Stasis   .     i - melded +0 pair of boots
MR     .....                    (no amulet)
Stlth  ++........               (no ring)
                                k - +3 ring of dexterity

@: spider-form (expiring), not resistant to hostile enchantments, unstealthy
A: unfitting armour, (cold-blooded), AC +5
a: End Transformation


You were on level 3 of the Dungeon.
You were hungry.
You were a venomous arachnid creature.
You visited 1 branch of the dungeon, and saw 3 of its levels.

You collected 88 gold pieces.

Inventory:

Missiles
 b - 34 arrows
Armour
 i - a +0 pair of boots (melded)
 j - a +0 cloak (melded)
Jewellery
 k - a +3 ring of dexterity (left front leg)
Scrolls
 e - a scroll of random uselessness {unknown}
 h - 5 scrolls of remove curse {unknown}
 l - 6 scrolls of identify {unknown}
 n - a scroll of fog {unknown}
 o - 2 scrolls of enchant armour {unknown}
 v - a scroll of recharging {unknown}
Potions
 c - a potion of curing
 m - a potion of agility {unknown}
 p - a potion of invisibility {unknown}
 q - 2 potions of flight {unknown}
 r - a potion of degeneration {unknown}
 s - a potion of poison {unknown}
 u - a potion of haste {unknown}
 w - a potion of berserk rage {unknown}
 x - a potion of beneficial mutation {unknown}
Books
 d - a book of Changes

   Spells                             Type                      Level
   a - Beastly Appendage              Transmutation                1
   b - Sticks to Snakes               Transmutation                2
   c - Spider Form                    Transmutation/Poison         3
   d - Ice Form                       Ice/Transmutation            4
   e - Blade Hands                    Transmutation                5
Comestibles
 a - 3 bread rations
 f - 3 meat rations
 g - a slice of pizza


   Skills:
 + Level 1.9 Fighting
 - Level 1.7 Dodging
 + Level 3.5 Unarmed Combat
 + Level 3.4 Spellcasting
 + Level 3.1 Transmutations
 + Level 2.1 Poison Magic


You had 6 spell levels left.
You knew the following spells:

 Your Spells              Type           Power        Failure   Level  Hunger
a - Beastly Appendage     Trmt           ##....       17%         1    #......
b - Spider Form           Trmt/Pois      #.........   45%         3    ###....


Dungeon Overview and Level Annotations

Branches:
Dungeon (3/15)

Altars:
Cheibriados
Dithmenos
Makhleb


Innate Abilities, Weirdness & Mutations

((Your plain brown scales are hard (AC +5).))
Your body does not fit into most forms of armour.
((Your cold-blooded metabolism reacts poorly to cold.))


Message History

You barely miss the orc priest. The orc priest barely misses you.
You hit the orc priest.
The orc priest is poisoned.
The orc priest is moderately wounded.
The orc priest hits you with a dagger.
You hit the orc priest.
The orc priest looks even sicker.
The orc priest is moderately wounded.
The orc priest hits you with a dagger.
You hit the orc priest.
The orc priest is severely wounded.
The orc priest mumbles some strange prayers to Beogh against you.
Pain shoots through your body!
* * * LOW HITPOINT WARNING * * *
You are too injured to fight recklessly!
You are too injured to fight recklessly!
You are too injured to fight recklessly!
You closely miss the orc priest.
The orc priest is severely wounded.
The orc priest calls down the wrath of Beogh upon you.
Something smites you!
You die...

#....#.......#..##......#
###############.##......#
##........#..........####.#
##.######.#.####.#........#
#.....###.#.# #..#.o...###
#...........# ##.#.###.....
#.....###.### #.#)# ..##
'.........# ##...# .#
#.....##########so..# #
......# #..........#
####### #............# #
#..........#.# ##
#..........#... .#
#..........# .P .#
#########.>.PP P# ####P .#


You could see an orc priest.

Vanquished Creatures
  An orc priest (D:3)
  3 adders
  2 river rats (D:3)
  A worker ant zombie (D:3)
  A shadow imp (D:3)
  A giant mite (D:3)
  An adder zombie (D:3)
  4 giant geckos
  2 oozes
  2 orcs (D:3)
  8 bats
  A bat skeleton (D:3)
  A bat zombie (D:3)
  8 giant cockroaches
  10 goblins
  5 hobgoblins
  3 jackals (D:3)
  9 kobolds
  A ball python (D:3)
  4 giant newts
  14 rats
82 creatures vanquished.

Notes
Turn   | Place    | Note
--------------------------------------------------------------
     0 | D:1      | KarvaRausku, the Draconian Transmuter, began the quest for the Orb.
     0 | D:1      | Reached XP level 1. HP: 16/16 MP: 3/3
   111 | D:1      | Reached XP level 2. HP: 12/23 MP: 5/5
   556 | D:1      | Reached XP level 3. HP: 28/28 MP: 7/7
   561 | D:1      | Learned a level 3 spell: Spider Form
   649 | D:2      | Found a shadowy altar of Dithmenos.
  1243 | D:3      | Reached skill level 1 in Poison Magic
  1402 | D:3      | Reached XP level 4. HP: 25/35 MP: 7/9
  1505 | D:3      | Found a burning altar of Makhleb.
  1628 | D:3      | Found a snail-covered altar of Cheibriados.
  2148 | D:3      | Reached XP level 5. HP: 29/40 MP: 8/11
  2402 | D:3      | Killed from afar by an orc priest

Action                   |  1- 3 |  4- 6 || total
-------------------------+-------+-------++-------
Melee: Unarmed           |   144 |   109 ||   253
 Cast: Beastly Appendage |    23 |     6 ||    29
       Spider Form       |     1 |     8 ||     9
  Use: Potion            |       |     1 ||     1
  Eat: Chunk             |     2 |     4 ||     6
